 Dungeon Crawl Stone Soup version 0.21-a0-349-g0c35859 (webtiles) character file.

623672 terra52 the Cloud Mage (level 27, 0/161 HPs)
             Began as a Vine Stalker Monk on Oct 7, 2017.
             Was the Champion of Ru.
             Slain by a reaper
             ... wielding a +1 scythe of venom
              (26 damage)
             ... in the Vestibule of Hell.
             The game lasted 04:00:11 (43957 turns).

terra52 the Cloud Mage (Vine Stalker Monk)         Turns: 43957, Time: 04:00:17

Health: 0/161      AC: 20    Str: 32    XL:     27
Magic:  0/57       EV: 17    Int: 16    God:    Ru [******]
Gold:   1181       SH:  7    Dex: 20    Spells: 25/58 levels left

rFire    + + +     SeeInvis +   J - +18 lance "Wyrmbane" {slay drac, rPois rF+ rC+ AC+3}
rCold    + + +     Gourm    .   s - +1 buckler {rC+ rF+}
rNeg     . . .     Faith    .   w - +1 troll leather armour {Snorg}
rPois    +         Spirit   +   H - +0 Maxwell's etheric cage {RegenMP+ *Contam rElec MP+4}
rElec    +         Reflect  .   p - +1 cloak
rCorr    .         Harm     .   k - +0 pair of gloves of Dumaasch {rF- Str+7 SInv}
MR       +++..                  O - +0 pair of boots of Complete Protection {rF++ Str+9}
Stlth    +++++++...             (no amulet)
HPRegen  1.56/turn              h - ring "Tacaov" {rC+ MP+9 Slay+5} MPRegen 0.85/turn*
                                K - ring of wizardry

@: exhausted, icy armour, no potions, overwhelmed with horror, very slightly
contaminated, starving, drained, slow
A: fangs 3, thin skeletal structure 1, see invisible, clumsy 1, deformed body,
dopey 1, fire resistance 1, regeneration 2, shaggy fur 1, magic shield,
antimagic bite, no potion heal 3, rot immunity, inability to drink while
threatened, inability to use devices, hated by all, cowardly, inability to train
armour
}: 4/15 runes: decaying, serpentine, silver, abyssal
a: Draw Out Power, Power Leap, Apocalypse, Renounce Religion


You were in the Vestibule of Hell.
You worshipped Ru.
Ru was exalted by your worship.
You were starving.

You visited 11 branches of the dungeon, and saw 49 of its levels.
You visited the Abyss 1 time.
You also visited: Ice Cave and Volcano.

You collected 5694 gold pieces.
You spent 4513 gold pieces at shops.

Inventory:

Hand Weapons
 J - the +18 lance "Wyrmbane" (weapon) {slay drac, rPois rF+ rC+ AC+3}
   (You found it on level 8 of the Dungeon)

   It affects your AC (+3).
   It protects you from fire.
   It protects you from cold.
   It protects you from poison.
Missiles
 E - 37 tomahawks (quivered)
Armour
 k - the +0 pair of gloves of Dumaasch (worn) {rF- Str+7 SInv}
   (You found it on level 4 of the Snake Pit)

   It affects your strength (+7).
   It makes you vulnerable to fire.
   It lets you see invisible.
 p - a +1 cloak (worn)
 s - a +1 buckler of resistance (worn)
 w - a +1 troll leather armour (worn) {Snorg}
 H - the +0 Maxwell's etheric cage (worn) {RegenMP+ *Contam rElec MP+4}
   (You found it on level 5 of the Vaults)

   It insulates you from electricity.
   It affects your magic capacity (+4).
   It causes magical contamination when unequipped.
 O - the +0 pair of boots of Complete Protection (worn) {rF++ Str+9}
   (You bought it in a shop on level 2 of the Orcish Mines)

   It affects your strength (+9).
   It greatly protects you from fire.
Jewellery
 h - the ring "Tacaov" (left hand) {rC+ MP+9 Slay+5}
   (You found it on level 2 of the Depths)

   [ring of protection from cold]

   It affects your accuracy and damage with ranged weapons and melee attacks
   (+5).
   It protects you from cold.
   It affects your magic capacity (+9).
 j - an uncursed ring of positive energy
 y - an uncursed amulet of regeneration
 A - a cursed ring of loudness {unknown}
 B - an uncursed ring of protection from magic
 I - the ring "Tifu" {rF+ Slay+4}
   (You found it on level 1 of the Vaults)

   [ring of protection from fire]

   It affects your accuracy and damage with ranged weapons and melee attacks
   (+4).
   It protects you from fire.
 K - a ring of wizardry (right hand)
 M - an uncursed ring of protection from magic
 P - an uncursed ring of see invisible
 V - an uncursed ring of wizardry
Scrolls
 e - a scroll of silence
 f - 9 scrolls of identify
 i - 4 scrolls of blinking
 n - 11 scrolls of teleportation
 q - 15 scrolls of remove curse
 u - 7 scrolls of magic mapping
 v - 6 scrolls of amnesia
 x - 8 scrolls of fog
 N - 5 scrolls of immolation
 Q - 2 scrolls of torment
 R - a scroll of enchant weapon
 S - a scroll of fear
Potions
 a - 8 potions of brilliance
 b - 7 potions of berserk rage
 g - 2 potions of ambrosia
 m - 20 potions of curing
 r - 6 potions of might
 t - 8 potions of haste
 z - 4 potions of agility
 C - 5 potions of resistance
 D - 12 potions of lignification
 G - 7 potions of flight
 L - a potion of magic
 T - 4 potions of invisibility
 U - 5 potions of mutation
 X - 3 potions of cancellation
Books
 F - a book of the Earth

   Spells                             Type                      Level
   a - Leda's Liquefaction            Hexes/Earth                  4
   b - Bolt of Magma                  Conjuration/Fire/Earth       5
   c - Statue Form                    Transmutation/Earth          6
   d - Iron Shot                      Conjuration/Earth            6
   e - Shatter                        Earth                        9
 W - a book of Debilitation

   Spells                             Type                      Level
   a - Corona                         Hexes                        1
   b - Slow                           Hexes                        2
   c - Inner Flame                    Hexes/Fire                   3
   d - Portal Projectile              Hexes/Translocation          3
   e - Cause Fear                     Hexes                        4
   f - Leda's Liquefaction            Hexes/Earth                  4
Comestibles
 c - 34 bread rations
 d - 30 royal jellies
 l - 19 meat rations
 o - 21 fruits


   Skills:
 - Level 22.2(21.7) Fighting
 - Level 12.0(11.6) Polearms
 - Level 7.3(6.9) Dodging
 - Level 18.5(18.0) Stealth
 - Level 4.0(3.6) Shields
 + Level 16.2(15.7) Spellcasting
 - Level 5.1(4.7) Conjurations
 - Level 7.0(6.6) Charms
 - Level 15.0(14.6) Ice Magic
 - Level 25.6(25.0) Air Magic


You had 25 spell levels left.
You knew the following spells:

 Your Spells              Type           Power        Failure   Level  Hunger
a - Ozocubu's Armour      Chrm/Ice       ###.....     1%          3    None
b - Ozocubu's Refrigerat  Ice            ####......   1%          6    #####..
c - Freezing Cloud        Conj/Ice/Air   ####......   1%          6    #####..
d - Blink                 Tloc           N/A          3%          2    None
e - Swiftness             Chrm/Air       ####....     0%          2    None
f - Tornado               Air            #####.....   9%          9    #######
g - Lightning Bolt        Conj/Air       ####......   1%          5    ####...


Dungeon Overview and Level Annotations

Branches:
Dungeon (15/15)            Temple (1/1) D:4            Lair (6/6) D:11
  Swamp (4/4) Lair:3        Snake (4/4) Lair:3        Slime (0/5) Lair:5
    Orc (2/2) D:12            Elf (1/3) Orc:2        Vaults (5/5) D:13
  Crypt (0/3) Vaults:2     Depths (5/5) D:15           Hell (1/1)
    Zot (5/5) Depths:5
    Dis: Hell:1         Geh: Hell:1         Coc: Hell:1         Tar: Hell:1

Altars:
Dithmenos
Elyvilon
Fedhas
Gozag
Hepliaklqana
Kikubaaqudgha
Makhleb
Nemelex Xobeh
Okawaru
Ru
Sif Muna
Uskayaw
Vehumet
Wu Jian
Xom
Yredelemnul
Zin
The Shining One
Beogh

Shops:
D:6 [   D:8 ?   D:10 :   D:11 (   D:15 !   Orc:2 [=!%   Elf:1 [*:(   Vaults:1 !
Vaults:2 !   Depths:3 [   Depths:5 *

Portals:
Hell: Depths:1 Depths:2 Depths:3 Depths:5
Abyss: Depths:4
Pandemonium: Depths:1 Depths:3
Ziggurat: Depths:1

Annotations:
Lair:5 exclusion: 2 oklob plants
Elf:1 Donald, Nikola
Hell Geryon


Innate Abilities, Weirdness & Mutations

You have razor-sharp teeth.
You are dopey. (Int -2)
You heal very quickly.
When hurt, damage is shared between your health and your magic reserves.
Your bite disrupts and absorbs the magic of your enemies.
Potions cannot restore your health.
You are immune to rotting.
You cannot drink potions while threatened.
You cannot study or use magical devices.
You are hated by all.
Your cowardice makes you less effective in combat with threatening monsters.
You cannot train Armour skill.
You have a somewhat thin skeletal structure. (Dex +2, Stealth)
You have supernaturally acute eyesight. (SInv)
You are clumsy. (Dex -2)
Armour fits poorly on your strangely shaped body.
Your flesh is heat resistant. (rF+)
You are covered in fur. (AC +1)


Message History

The hell beast growls, "Thy head shall be my dinner!"
Geryon winds a great silver horn.
The shadow dragon begins to attack, but is stunned by your will!
The sun demon misses you. You block the hell beast's attack.
The hell beast tramples you.
* * * LOW HITPOINT WARNING * * *
You stumble backwards!
The hell beast is stunned by your will and fails to attack.
You can't go up here!
Blink to where?
Press: ? - help, Dir - move target cursor You are very lightly contaminated with residual magic.
As you read the scroll of blinking, it crumbles to dust.
The hell knight mumbles some strange words.
The hell knight seems to speed up.
The hell knight mumbles some strange words.
The hell knight seems to speed up.
The rust devil misses you.
The reaper smiles without lips.
The reaper hits you from afar with a scythe of venom!!!
You die...

.....................
.....................
............pp.......
≈....................
.......†...2.∩.......
........[.r.∩9.......
.......)222&.∩.......
≈.......42..2§.......
......)@)2ZD3........
.........)9..........
[....)...............
......)..............
.....................
...)..........)......
.....................
............#.#.


You could see Geryon, a shadow dragon, 4 hell beasts, 3 reapers, 2 hell knights,
a sun demon, 2 war gargoyles, a rust devil, a hell rat and a seven-headed hydra
zombie.

Vanquished Creatures
  3 ancient liches
  Mara (Swamp:4)
  3 orbs of fire
  2 juggernauts
  Sojobo (Vaults:4)
  Boris (Depths:5)
  The ghost of puppums the Intangible, a legendary SpEn of Dithmenos (Zot:5)
  Bai Suzhen (Vaults:4)
  the Lernaean hydra (Swamp:4)
  A Killer Klown (Zot:5)
  3 curse toes
  7 golden dragons
  A profane servitor (Abyss:4)
  A bone dragon (Abyss:4)
  Jorgrun (Swamp:4)
  3 liches
  3 electric golems (Zot:5)
  12 tentacled monstrosities
  Rupert (D:12)
  A Hell Sentinel (Abyss:4)
  8 Orb Guardians (Zot:5)
  6 titans
  A deep elf blademaster (Abyss:4)
  Murray (Depths:5)
  6 quicksilver dragons
  13 tentacled starspawn (Abyss:4)
  2 Executioners (Abyss:4)
  9 shadow dragons
  4 death cobs
  A sphinx (Depths:4)
  3 thorn hunters
  7 storm dragons
  9 tengu reavers
  7 fire giants
  A daeva (Abyss:4)
  9 nagarajas
  3 draconian monks (Depths:5)
  2 deep elf sorcerers (Depths:3)
  The ghost of firebrand the Peltast, a journeyman MiFi of Okawaru (Swamp:3)
  A draconian knight (Zot:1)
  15 vault wardens
  2 ghost moths
  Aizul (Swamp:1)
  An iron dragon (Depths:2)
  A balrug (Depths:4)
  8 frost giants
  A caustic shrike zombie (D:15)
  2 draconian stormcallers
  2 spriggan defenders (Depths:2)
  3 draconian shifters
  6 draconian annihilators (Depths:5)
  An angel (Abyss:4)
  2 draconian scorchers
  A war gargoyle (Vaults:4)
  8 reapers
  15 ironheart preservers
  2 vampire knights
  22 very ugly things
  19 stone giants
  8 green draconians
  An entropy weaver (Vaults:3)
  5 black draconians
  A deep elf demonologist (Vaults:5)
  4 lorocyprocas
  8 white draconians
  A deep elf annihilator (Vaults:4)
  5 spark wasps
  8 red draconians
  6 yellow draconians
  The ghost of drazt1k the Brawler, a journeyman TrBe of Trog (IceCv)
  8 purple draconians
  An eidolon (Abyss:4)
  A green death (Abyss:4)
  A crystal guardian (Vaults:2)
  3 deep elf death magi
  11 ettins
  Snorg (D:12)
  Josephine (Swamp:1)
  2 blizzard demons (Hell)
  5 fire dragons
  14 yaktaur captains
  5 great orbs of eyes
  A deep elf high priest (Depths:2)
  9 rakshasas
  18 naga warriors
  9 ice dragons
  A hell beast (Depths:3)
  Harold (Orc:1)
  22 ogre magi
  19 hydras
  28 vault guards
  5 spriggan air magi
  56 two-headed ogres
  3 catoblepae (Lair:6)
  2 ghost crabs
  7 centaur warriors
  3 death knights
  A satyr (Abyss:4)
  Erica (D:9)
  2 dancing weapons (Elf:1)
  8 deep troll earth magi
  5 alligators
  9 anacondas
  2 vampire magi
  6 death yaks (Lair:6)
  A two-headed ogre (shapeshifter) (Depths:2)
  4 tengu warriors
  9 deep troll shamans
  2 spriggan berserkers
  6 orc high priests (Orc:2)
  9 naga sharpshooters
  5 hell hogs
  18 thrashing horrors (Abyss:4)
  4 shock serpents
  14 deep elf knights
  9 wretched stars (Abyss:4)
  A sun demon (Hell)
  A soul eater (Hell)
  3 shadow wraiths
  6 skeletal warriors
  2 iron trolls
  8 hell knights
  4 salamander mystics
  3 spatial maelstroms (Abyss:4)
  A death drake (Depths:5)
  14 wizards
  2 flayed ghosts
  A spriggan druid (Swamp:3)
  3 unseen horrors
  3 glowing orange brains
  3 anaconda zombies
  10 swamp dragons
  11 naga ritualists
  2 shambling mangroves
  32 deep trolls
  A swamp dragon (shapeshifter) (Vaults:2)
  16 deep elf archers
  4 phantasmal warriors
  5 lindwurms
  9 harpies (Vaults:2)
  17 orc knights
  8 mana vipers
  2 frost giant zombies (Hell)
  An orb spider (Abyss:4)
  21 ironbrand convokers
  4 necromancers
  3 orc sorcerers
  2 wolf spiders
  A human zombie (Vaults:5)
  A shining eye (shapeshifter) (Vaults:5)
  6 cyclopes
  37 deep elf magi
  22 ugly things
  A salamander (shapeshifter) (D:14)
  A stone giant zombie (Vaults:5)
  16 salamanders
  3 elephants (Lair:4)
  10 worldbinders (Abyss:4)
  33 large abominations (Abyss:4)
  7 ice statues
  3 centaur zombies
  17 moths of wrath
  3 manticores
  2 water nymphs (Abyss:4)
  5 guardian serpents
  3 apocalypse crabs (Abyss:4)
  A frost giant skeleton (Abyss:4)
  2 guardian serpents (shapeshifter)
  A shock serpent zombie (Hell)
  A stone giant skeleton (Hell)
  3 rust devils
  14 vault sentinels
  A centaur skeleton (D:13)
  A torpor snail (shapeshifter) (Depths:2)
  36 black mambas
  7 komodo dragons
  4 molten gargoyles
  3 gargoyles
  Maurice (Orc:1)
  10 smoke demons
  A spriggan zombie (Depths:3)
  15 naga magi
  13 spiny frogs
  2 dire elephant skeletons
  A spiny frog (shapeshifter) (Vaults:2)
  3 orange demons (Abyss:4)
  5 freezing wraiths
  2 rime drakes
  A redback zombie (D:14)
  3 tormentors
  A hellion (Abyss:4)
  2 tengu conjurers (Depths:1)
  4 efreet (Abyss:4)
  A kobold demonologist (Abyss:4)
  A yaktaur zombie (Vaults:5)
  A guardian mummy (D:15)
  63 yaktaurs
  3 anaconda simulacra
  3 ice devils
  A hellwing (Abyss:4)
  2 demonic crawlers
  A harpy zombie (Hell)
  10 ancient zymes (Abyss:4)
  A silent spectre (Abyss:4)
  2 golden dragon simulacra (IceCv)
  A jumping spider (Vaults:3)
  9 trolls
  A wind drake (Depths:5)
  A hydra zombie (Hell)
  17 hornets
  3 red devils
  4 tyrant leeches
  A hornet (shapeshifter) (Depths:1)
  32 blink frogs
  32 slime creatures
  30 raiju (Abyss:4)
  9 bog bodies
  2 hydra skeletons (Hell)
  3 ice dragon zombies
  A dream sheep (shapeshifter) (Vaults:4)
  9 flying skulls (Abyss:4)
  6 hippogriffs
  12 air elementals
  A fire dragon skeleton (D:15)
  A redback (Vaults:3)
  6 shadows
  8 spriggans
  5 ynoxinuls (Abyss:4)
  5 water elementals
  9 wraiths
  An orc simulacrum (Vaults:1)
  44 yaks
  4 fire elementals
  2 wyverns
  6 fire bats
  6 golden eyes (Abyss:4)
  2 golden eyes (shapeshifter)
  12 chaos spawn (Abyss:4)
  2 hungry ghosts
  4 basilisks
  A steam dragon (D:9)
  8 neqoxecs (Abyss:4)
  A hog (shapeshifter) (Vaults:1)
  25 vampire mosquitoes
  20 swamp worms
  2 spatial vortices (Abyss:4)
  2 soldier ants
  A soldier ant (shapeshifter) (Abyss:4)
  2 acid dragons
  19 insubstantial wisps
  15 wargs
  A harpy simulacrum (IceCv)
  64 nagas
  16 water moccasins
  5 porcupines
  A floating eye (Depths:2)
  A spiny frog zombie (Hell)
  Duvessa (D:7)
  3 hydra simulacra (IceCv)
  2 hell hounds (Volcano)
  32 orc warriors
  17 swamp drakes
  6 ice beasts (IceCv)
  4 black bears
  A hornet zombie (D:12)
  4 sky beasts
  2 ettin simulacra
  An eye of draining (Abyss:4)
  5 wolves (Lair:4)
  24 ogres
  34 starcursed masses (Abyss:4)
  4 boggarts
  4 phantoms
  An eye of draining (shapeshifter) (Depths:2)
  22 centaurs
  11 crocodiles
  20 small abominations (Abyss:4)
  4 big kobolds
  19 bullfrogs
  An earth elemental (Elf:1)
  Dowan (D:7)
  3 wyvern skeletons
  4 scorpions
  A water moccasin skeleton (D:8)
  3 jellies
  5 electric eels
  12 crimson imps
  5 lava snakes (Lair:5)
  A quasit (D:12)
  4 hounds
  51 orc priests
  25 orc wizards
  Crazy Yiuf (D:3)
  5 iguanas
  3 iron imps
  Jessica (D:3)
  2 bullfrog skeletons
  2 hell rats (Hell)
  8 worker ants
  2 hound zombies
  3 worker ant zombies
  Robin (D:3)
  18 adders
  10 gnolls
  4 shadow imps
  2 white imps (Abyss:4)
  An ufetubus (Abyss:4)
  An adder skeleton (D:5)
  An adder zombie (D:5)
  2 worms (D:3)
  A dart slug (D:2)
  11 leopard geckos
  131 orcs
  A ball python (D:2)
  2 bat zombies (D:6)
  4 giant cockroaches
  19 goblins
  10 hobgoblins
  4 jackals
  15 kobolds
  9 quokkas
  9 bats
  6 frilled lizards
  A leopard gecko zombie (D:6)
  A quokka skeleton (D:4)
  A quokka zombie (D:6)
  6 rats
  2 rat zombies (D:6)
  27 briar patches (Swamp:2)
  2 fungi
  A lurking horror (Abyss:4)
  4 plants
  10 starspawn tentacles (Abyss:4)
2411 creatures vanquished.

Vanquished Creatures (others)
  An Orb Guardian (Zot:5)
  A deep elf blademaster (Abyss:4)
  A deep elf elementalist (Vaults:4)
  A vampire knight (Depths:2)
  A stone giant (Vaults:4)
  A starcursed mass (Abyss:4)
  A yellow draconian (Zot:2)
  A yaktaur captain (Vaults:2)
  A hydra (Swamp:4)
  A rakshasa (Depths:1)
  2 two-headed ogres
  A deep troll shaman (Depths:5)
  A naga sharpshooter (Snake:4)
  An unseen horror (D:15)
  2 phantasmal warriors
  A deep elf archer (Vaults:3)
  A moth of wrath (Zot:5)
  A deep elf mage (Vaults:4)
  An elephant (Lair:4)
  A komodo dragon (Lair:6)
  2 yaktaurs
  A freezing wraith (D:15)
  A tyrant leech (Swamp:1)
  A blink frog (Swamp:4)
  3 golden eyes (Abyss:4)
  2 swamp drakes
  A centaur (D:12)
  A bullfrog zombie (D:7)
  An orc priest (Vaults:4)
  2 briar patches (Swamp:2)
  8 fungi
  A lurking horror (Abyss:4)
  3 plants
  22 starspawn tentacles (Abyss:4)
  A withered plant (D:15)
72 creatures vanquished.

Grand Total: 2483 creatures vanquished

Notes
Turn   | Place    | Note
-------+----------+-------------------------------------------
     0 | D:1      | terra52 the Vine Stalker Monk began the quest for the Orb.
     0 | D:1      | Reached XP level 1. HP: 11/11 MP: 2/2
   171 | D:1      | Reached XP level 2. HP: 10/16 MP: 3/3
   633 | D:1      | Reached XP level 3. HP: 15/20 MP: 2/4
  1163 | D:2      | Gained mutation: Your natural rate of healing is unusually fast. [Vine Stalker growth]
  1163 | D:2      | Reached XP level 4. HP: 22/25 MP: 5/5
  1750 | D:3      | Noticed Robin
  1792 | D:3      | Killed Robin
  1792 | D:3      | Reached XP level 5. HP: 24/30 MP: 1/6
  1817 | D:3      | Noticed Jessica
  1829 | D:3      | Killed Jessica
  2055 | D:3      | Found a sparkling altar of Nemelex Xobeh.
  2055 | D:3      | Found a blossoming altar of Fedhas.
  2587 | D:3      | Found a runed door.
  2593 | D:3      | Noticed Crazy Yiuf
  2595 | D:3      | Killed Crazy Yiuf
  2595 | D:3      | Reached skill level 5 in Fighting
  2595 | D:3      | Reached XP level 6. HP: 35/35 MP: 7/7
  2805 | D:4      | Reached skill level 5 in Stealth
  2852 | D:4      | Found a shimmering altar of Xom.
  3301 | D:4      | Found a staircase to the Ecumenical Temple.
  3315 | Temple   | Entered the Ecumenical Temple
  3451 | Temple   | Became a worshipper of Ru the Awakened
  3458 | Temple   | Gained mutation: You cannot drink potions while threatened. [Ru sacrifice]
  3458 | Temple   | Reached * piety under Ru
  3531 | D:5      | Entered Level 5 of the Dungeon
  3589 | D:5      | Reached XP level 7. HP: 27/39 MP: 4/8
  3827 | D:5      | Found a blossoming altar of Fedhas.
  4548 | D:6      | Found a burning altar of Makhleb.
  4626 | D:6      | Found Xoug's Armour Boutique.
  4629 | D:6      | Bought the cursed +0 scale mail "Sytymech" {+Fly rN+ Int-2 Dex+4} for 185 gold pieces
  4666 | D:6      | Gained mutation: You have razor-sharp teeth. [Vine Stalker growth]
  4666 | D:6      | Reached XP level 8. HP: 41/45 MP: 7/10
  4737 | D:6      | Reached skill level 1 in Spellcasting
  5035 | D:6      | Found an ancient bone altar of Kikubaaqudgha.
  5148 | D:6      | Found a sacrificial altar of Ru.
  5296 | D:7      | Noticed Dowan
  5298 | D:7      | Noticed Duvessa
  5308 | D:7      | Noticed a two-headed ogre
  5315 | D:7      | Killed a two-headed ogre
  5315 | D:7      | Reached XP level 9. HP: 18/52 MP: 3/14
  5320 | D:7      | Killed Duvessa
  5326 | D:7      | Killed Dowan
  5329 | D:7      | Gained mutation: You cannot study or use magical devices. [Ru sacrifice]
  5329 | D:7      | Reached ** piety under Ru
  5329 | D:7      | Reached *** piety under Ru
  5700 | D:8      | Noticed a two-headed ogre
  5795 | D:8      | Reached skill level 10 in Stealth
  5830 | D:8      | Found the +8 lance "Wyrmbane" {slay drac, rPois rF+ rC+ AC+3}
  5926 | D:8      | Noticed a two-headed ogre
  5972 | D:8      | Noticed a two-headed ogre
  6003 | D:8      | Found a basalt altar of Yredelemnul.
  6003 | D:8      | Found an ornate altar of the Wu Jian Council.
  6013 | D:8      | Found a shimmering altar of Xom.
  6014 | D:8      | Found a glowing golden altar of the Shining One.
  6016 | D:8      | Found an iron altar of Okawaru.
  6052 | D:7      | Reached skill level 10 in Fighting
  6132 | D:8      | Noticed a hornet
  6135 | D:8      | Noticed a hornet
  6136 | D:8      | Killed a hornet
  6136 | D:8      | Reached XP level 10. HP: 55/59 MP: 16/16
  6215 | D:8      | Found Cefurybb's Magic Scroll Shop.
  6220 | D:8      | Bought a scroll of teleportation for 45 gold pieces
  6220 | D:8      | Bought a scroll of fog for 30 gold pieces
  6524 | D:9      | Noticed Erica
  6618 | D:9      | Noticed a two-headed ogre
  6831 | D:9      | Reached skill level 5 in Polearms
  7136 | D:9      | Noticed a two-headed ogre
  7146 | D:9      | Gained mutation: You cannot train Armour skill. [Ru sacrifice]
  7146 | D:9      | Reached **** piety under Ru
  7146 | D:9      | Reached ***** piety under Ru
  7153 | D:9      | Killed a two-headed ogre
  7202 | D:9      | Killed a two-headed ogre
  7202 | D:9      | Reached XP level 11. HP: 46/64 MP: 7/18
  7456 | D:9      | Killed Erica
  7828 | D:8      | Killed a two-headed ogre
  7880 | D:8      | Killed a two-headed ogre
  7913 | D:10     | Entered Level 10 of the Dungeon
  8069 | D:10     | Found Zainifawk's Book Boutique.
  8681 | D:11     | Reached skill level 10 in Polearms
  8694 | D:11     | Found Ywnolek's Weapon Shop.
  8747 | D:11     | Gained mutation: Your cowardice makes you less effective in combat with threatening monsters. [Ru sacrifice]
  8771 | D:11     | Noticed a seven-headed hydra
  8772 | D:11     | Killed a seven-headed hydra
  8775 | D:11     | Found a staircase to the Lair.
  9170 | Lair:1   | Entered Level 1 of the Lair of Beasts
  9206 | Lair:1   | Gained mutation: You heal very quickly. [Vine Stalker growth]
  9206 | Lair:1   | Reached XP level 12. HP: 59/69 MP: 19/19
  9968 | Lair:2   | Found a radiant altar of Vehumet.
 10258 | Lair:2   | Noticed a six-headed hydra
 10267 | Lair:2   | Killed a six-headed hydra
 10267 | Lair:2   | Reached skill level 5 in Dodging
 10268 | Lair:2   | Gained mutation: You are dopey. (Int -2) [Ru sacrifice]
 10854 | Lair:2   | Noticed a six-headed hydra
 10859 | Lair:2   | Killed a six-headed hydra
 11001 | Lair:3   | Found a staircase to the Swamp.
 11120 | Lair:3   | Learned a level 3 spell: Ozocubu's Armour
 11273 | Lair:3   | Reached skill level 1 in Ice Magic
 11294 | Lair:3   | Reached skill level 1 in Charms
 11312 | Lair:3   | Found a staircase to the Snake Pit.
 11365 | Lair:3   | Reached skill level 5 in Spellcasting
 11971 | Lair:4   | Gained mutation: You are hated by all. [Ru sacrifice]
 11971 | Lair:4   | Reached ****** piety under Ru
 12002 | Lair:4   | Reached XP level 13. HP: 61/74 MP: 19/21
 12609 | Lair:4   | Got a slimy chain mail
 12620 | Lair:4   | Identified the +5 chain mail of the Present {Regen+} (You found it on level 4 of the Lair of Beasts)
 13482 | Lair:5   | Found a staircase to the Slime Pits.
 13852 | Lair:6   | Entered Level 6 of the Lair of Beasts
 14360 | Lair:6   | Reached XP level 14. HP: 72/80 MP: 24/24
 14868 | Swamp:1  | Entered Level 1 of the Swamp
 15041 | Swamp:1  | Reached skill level 1 in Shields
 15059 | Swamp:1  | Noticed Josephine
 15076 | Swamp:1  | Killed Josephine
 15188 | Swamp:1  | Noticed Aizul
 15425 | Swamp:2  | Noticed a thorn hunter
 15790 | D:12     | Noticed Rupert
 15795 | D:12     | Paralysed by Rupert for 2 turns
 15798 | D:12     | Killed Rupert
 15798 | D:12     | Reached skill level 5 in Charms
 15814 | D:12     | Noticed Snorg
 15840 | D:12     | Killed Snorg
 16154 | D:12     | Found a staircase to the Orcish Mines.
 16174 | Orc:1    | Entered Level 1 of the Orcish Mines
 16188 | Orc:1    | Noticed Maurice
 16212 | Orc:1    | Killed Maurice
 16299 | Orc:1    | Found a dark tunnel.
 16308 | Volcano  | Entered a volcano
 16349 | Volcano  | Reached skill level 15 in Stealth
 16349 | Volcano  | Reached skill level 5 in Ice Magic
 16401 | Volcano  | Reached XP level 15. HP: 76/86 MP: 23/27
 16852 | Orc:2    | Entered Level 2 of the Orcish Mines
 16859 | Orc:2    | Found a staircase to the Elven Halls.
 17145 | Orc:2    | Found a roughly hewn altar of Beogh.
 17158 | Orc:2    | Found Qowuotwu's Distillery.
 17158 | Orc:2    | Found Qaocris's Food Shop.
 17175 | Orc:2    | Bought a potion of invisibility for 80 gold pieces
 17680 | Orc:1    | Noticed Harold
 17682 | Orc:1    | Killed Harold
 18035 | Orc:2    | Found Carry's Armour Emporium.
 18035 | Orc:2    | Found Ucuj Qeom's Jewellery Shop.
 18057 | Orc:2    | Bought the +0 pair of boots of Complete Protection {rF++ Str+9} for 766 gold pieces
 18137 | Elf:1    | Entered Level 1 of the Elven Halls
 18180 | Elf:1    | Noticed Nikola
 18232 | Elf:1    | Found Dotwaamo's Weapon Boutique.
 18235 | Elf:1    | Found Ydigutt's Book Boutique.
 18235 | Elf:1    | Found Pisain's Assorted Antiques.
 18244 | Elf:1    | Found Ricocs Ciqu's Armour Shop.
 18250 | Elf:1    | Bought a scroll labeled ULUARE XIFEL for 26 gold pieces
 18295 | Elf:1    | Noticed Donald
 18309 | Elf:1    | Found a frozen archway.
 18393 | IceCv    | Entered an ice cave
 18393 | IceCv    | Noticed drazt1k's ghost (journeyman TrBe)
 18409 | IceCv    | Killed drazt1k's ghost
 18513 | IceCv    | Reached XP level 16. HP: 81/93 MP: 26/29
 19836 | D:13     | Found a gate to the Vaults.
 20876 | D:15     | Entered Level 15 of the Dungeon
 20913 | D:15     | Found a staircase to the Depths.
 21105 | D:15     | Identified a scroll of acquirement
 21401 | D:15     | Found Waunk's Distillery.
 21640 | Elf:1    | Bought a book of Ice for 975 gold pieces
 21647 | Elf:1    | Learned a level 6 spell: Ozocubu's Refrigeration
 22050 | Swamp:1  | Killed Aizul
 22318 | Swamp:2  | Killed a thorn hunter
 22591 | Swamp:2  | Reached XP level 17. HP: 98/98 MP: 31/31
 23041 | Swamp:3  | Noticed firebrand's ghost (journeyman MiFi)
 23082 | Swamp:3  | Reached skill level 10 in Ice Magic
 23089 | Swamp:3  | Killed firebrand's ghost
 23552 | Swamp:4  | Entered Level 4 of the Swamp
 23552 | Swamp:4  | Noticed Jorgrun
 23565 | Swamp:4  | Killed Jorgrun
 23746 | Swamp:4  | Noticed Mara
 23750 | Swamp:4  | Noticed terra52's illusion
 23770 | Swamp:4  | Killed Mara
 23888 | Swamp:4  | Noticed the 27-headed Lernaean hydra
 23909 | Swamp:4  | Killed the 27-headed Lernaean hydra
 23933 | Swamp:4  | Got a decaying rune of Zot
 24117 | Swamp:4  | Reached skill level 15 in Fighting
 24260 | Snake:1  | Entered Level 1 of the Snake Pit
 24818 | Snake:1  | Reached XP level 18. HP: 87/104 MP: 26/32
 25326 | Snake:2  | Reached skill level 10 in Spellcasting
 27091 | Snake:4  | Entered Level 4 of the Snake Pit
 27442 | Snake:4  | Reached XP level 19. HP: 86/111 MP: 21/35
 27496 | Snake:4  | Got a pair of dazzling gloves
 27507 | Snake:4  | Identified the cursed +0 pair of gloves of Dumaasch {rF- Str+7 SInv} (You found it on level 4 of the Snake Pit)
 27530 | Snake:4  | Learned a level 6 spell: Freezing Cloud
 27541 | Snake:4  | Learned a level 2 spell: Blink
 27636 | Snake:4  | Got a serpentine rune of Zot
 28057 | D:8      | Bought a scroll of acquirement for 780 gold pieces
 28060 | D:8      | Got a scintillating turquoise ring
 28062 | D:8      | Identified the ring "Zunaq" {+Fly rPois rN+} (You acquired it on level 8 of the Dungeon)
 28228 | Vaults:1 | Entered Level 1 of the Vaults
 28334 | Vaults:1 | Reached skill level 1 in Air Magic
 28339 | Vaults:1 | Reached skill level 1 in Conjurations
 28395 | Vaults:1 | Found Geyz's Distillery.
 28547 | Vaults:1 | Reached skill level 2 in Air Magic
 29463 | Vaults:1 | Got a steaming silver ring
 29472 | Vaults:1 | Identified the ring "Tifu" {rF+ Slay+4} (You found it on level 1 of the Vaults)
 29681 | Vaults:2 | Reached skill level 3 in Air Magic
 29919 | Vaults:2 | Reached XP level 20. HP: 31/119 MP: 31/36
 30337 | Vaults:2 | Found Jaumycee's Distillery.
 30344 | Vaults:2 | Bought a potion of haste for 140 gold pieces
 30344 | Vaults:2 | Bought a potion of agility for 56 gold pieces
 30578 | Vaults:2 | Reached skill level 4 in Air Magic
 31276 | Vaults:3 | Reached skill level 15 in Ice Magic
 31365 | Vaults:3 | Reached skill level 5 in Air Magic
 31392 | Vaults:3 | Reached skill level 5 in Conjurations
 31954 | Vaults:3 | Learned a level 2 spell: Swiftness
 32267 | Vaults:4 | Reached XP level 21. HP: 125/125 MP: 38/38
 32383 | Vaults:4 | Reached skill level 6 in Air Magic
 32546 | Vaults:4 | Noticed Bai Suzhen
 32565 | Vaults:4 | Killed Bai Suzhen
 32922 | Vaults:5 | Entered Level 5 of the Vaults
 32922 | Vaults:5 | Noticed Sojobo
 32924 | Vaults:5 | Reached skill level 7 in Air Magic
 32930 | Vaults:4 | Killed Sojobo
 33101 | Vaults:5 | Noticed a golden dragon
 33234 | Vaults:4 | Killed a golden dragon
 33330 | Vaults:4 | Reached XP level 22. HP: 91/134 MP: 24/40
 33538 | Vaults:5 | Noticed a golden dragon
 33698 | Vaults:4 | Killed a golden dragon
 33698 | Vaults:4 | Reached skill level 8 in Air Magic
 33804 | Vaults:5 | Noticed a golden dragon
 33900 | Vaults:5 | Identified the +0 scale mail of the Meadowlark {Regen+} (You found it on level 5 of the Vaults)
 33991 | Vaults:5 | Got a smelly ring mail
 33992 | Vaults:5 | Identified the +1 ring mail of Weightlessness {-Cast Int+6 Stlth+} (You found it on level 5 of the Vaults)
 34244 | Vaults:5 | Got a silver rune of Zot
 34271 | Vaults:5 | Killed a golden dragon
 34326 | Vaults:5 | Reached XP level 23. HP: 62/142 MP: 25/41
 34449 | Vaults:5 | Found the +0 Maxwell's etheric cage {RegenMP+ *Contam rElec MP+4}
 34520 | Vaults:5 | Reached skill level 9 in Air Magic
 34560 | Vaults:5 | Got a jewelled flail {crush}
 34560 | Vaults:5 | Got a wavering platinum ring
 34561 | Vaults:5 | Identified the +6 flail of Circularity {crush, Dex+4} (You took it off a tengu reaver on level 5 of the Vaults)
 34564 | Vaults:5 | Identified the cursed ring of Sarphobi {rPois Dex-2} (You took it off a tengu reaver on level 5 of the Vaults)
 34826 | Vaults:5 | Found the +7 longbow "Piercer" {penet, EV-2}
 34835 | Vaults:5 | Identified the cursed +2 halberd "Lacertilianslayer" {chop, Str+2} (You found it on level 5 of the Vaults)
 34838 | Vaults:5 | Identified the +2 crystal plate armour of the Exiled Beggars {*Drain rPois Int+2} (You found it on level 5 of the Vaults)
 34840 | Vaults:5 | Identified the +0 hat "Lausiul" {Dex+3} (You found it on level 5 of the Vaults)
 34906 | Vaults:5 | Identified Syjyad's Reference Book on Changing
 35327 | D:10     | Bought a book of the Tempests for 1050 gold pieces
 35464 | Depths:1 | Entered Level 1 of the Depths
 35505 | Depths:1 | Learned a level 9 spell: Tornado
 35511 | Depths:1 | Learned a level 5 spell: Lightning Bolt
 35573 | Depths:1 | Reached skill level 10 in Air Magic
 35717 | Depths:1 | Found a gateway to Hell.
 35774 | Depths:1 | Found a one-way gate leading to the halls of Pandemonium.
 35774 | Depths:1 | Found a gateway to a ziggurat.
 35837 | Depths:1 | Reached skill level 11 in Air Magic
 36003 | Depths:2 | Identified the +7 spear "Vezxuc" {drain, MR++} (You found it on level 2 of the Depths)
 36090 | Depths:2 | Identified the +1 chain mail of Surprise {rC+ Str+2 Dex-3} (You found it on level 2 of the Depths)
 36131 | Hell     | Entered the Vestibule of Hell
 36131 | Hell     | Noticed Geryon
 36143 | Hell     | Reached skill level 12 in Air Magic
 36158 | Hell     | Noticed Murray
 36440 | Depths:2 | Reached skill level 13 in Air Magic
 36546 | Depths:2 | Noticed a juggernaut
 36548 | Depths:2 | Killed a juggernaut
 36555 | Depths:2 | Noticed a golden dragon
 36561 | Depths:2 | Killed a golden dragon
 36561 | Depths:2 | Reached skill level 14 in Air Magic
 36565 | Depths:2 | Got a scorched turquoise ring
 36570 | Depths:2 | Identified the ring "Tacaov" {rC+ MP+9 Slay+5} (You found it on level 2 of the Depths)
 36604 | Depths:2 | Reached XP level 24. HP: 131/147 MP: 41/41
 37009 | Depths:2 | Reached skill level 15 in Air Magic
 37420 | Depths:3 | Found a deep blue altar of Sif Muna.
 37488 | Depths:3 | Identified the Disquisition on Ignition
 37490 | Depths:3 | Identified the Catalogue of Flying Dark Rituals
 37631 | Depths:3 | Identified the Disquisition on Augmentations
 37657 | Depths:3 | Identified the Incunabulum of Congealing Orientation
 37707 | Depths:3 | Got a flickering platinum amulet
 37709 | Depths:3 | Identified the amulet "Fehoj" {Harm *Drain +Blink} (You found it on level 3 of the Depths)
 37778 | Depths:3 | Found Ybeatt's Antique Armour Boutique.
 37800 | Depths:3 | Reached skill level 16 in Air Magic
 37813 | Depths:3 | Bought a shimmering buckler for 380 gold pieces
 37813 | Depths:3 | Identified the cursed +0 buckler "Tupsiurph" {Dex+4} (You bought it in a shop on level 3 of the Depths)
 38139 | Depths:4 | Found a one-way gate to the infinite horrors of the Abyss.
 38659 | Depths:4 | Reached skill level 17 in Air Magic
 38701 | Depths:5 | Entered Level 5 of the Depths
 38804 | Depths:5 | Identified the cursed -3 shield "Joed Zou" {+Blink rN+ Dex-4} (You found it on level 5 of the Depths)
 38808 | Depths:5 | Found Hoppoq's General Store.
 38906 | Depths:5 | Noticed a juggernaut
 38917 | Depths:5 | Killed a juggernaut
 38917 | Depths:5 | Reached skill level 18 in Air Magic
 38953 | Depths:5 | Noticed Boris
 38971 | Depths:5 | Killed Boris
 38971 | Depths:5 | Reached XP level 25. HP: 67/151 MP: 41/41
 39067 | Depths:5 | Found a gate to the Realm of Zot.
 39258 | Depths:5 | Reached skill level 19 in Air Magic
 39381 | Zot:1    | Entered Level 1 of the Realm of Zot
 39890 | Zot:2    | Reached skill level 20 in Air Magic
 39980 | Zot:2    | HP: 7/151 [black draconian/bolt of lightning (4)]
 40186 | Zot:2    | Noticed an orb of fire
 40199 | Zot:2    | Killed an orb of fire
 40199 | Zot:2    | Reached skill level 21 in Air Magic
 40470 | Zot:5    | Entered Level 5 of the Realm of Zot
 40501 | Zot:5    | Reached XP level 26. HP: 120/157 MP: 41/41
 40637 | Zot:5    | Reached skill level 22 in Air Magic
 40667 | Zot:5    | Noticed puppums's ghost (legendary SpEn)
 40695 | Zot:5    | Killed puppums's ghost
 40973 | Zot:5    | Noticed an orb of fire
 40980 | Zot:5    | Gained mutation: You are frail. (-10% HP) [an orb of fire]
 40987 | Zot:5    | Killed an orb of fire
 41017 | Zot:5    | Noticed an ancient lich
 41026 | Zot:5    | Killed an ancient lich
 41053 | Zot:5    | Reached skill level 23 in Air Magic
 41066 | Zot:5    | Cast into level 4 of the Abyss (the power of Zot)
 41480 | Abyss:4  | Gained mutation: You expend magic power (3 MP) to strengthen your wands. [mutagenic meat]
 41498 | Abyss:4  | Found a corrupted altar of Lugonu.
 41815 | Abyss:4  | Found an iron altar of Okawaru.
 41966 | Abyss:4  | Reached skill level 24 in Air Magic
 42178 | Abyss:4  | Reached XP level 27. HP: 144/144 MP: 41/41
 42433 | Abyss:4  | Gained mutation: You are clumsy. (Dex -2) [a neqoxec]
 42781 | Abyss:4  | Noticed an ancient lich
 42794 | Abyss:4  | Killed an ancient lich
 42947 | Abyss:4  | Reached skill level 25 in Air Magic
 43254 | Abyss:4  | Found a corrupted altar of Lugonu.
 43343 | Abyss:4  | Got an abyssal rune of Zot
 43465 | Abyss:4  | Lost mutation: You expend magic power (3 MP) to strengthen your wands. [potion of mutation]
 43465 | Abyss:4  | Gained mutation: Armour fits poorly on your strangely shaped body. [potion of mutation]
 43465 | Abyss:4  | Gained mutation: You have supernaturally acute eyesight. (SInv) [potion of mutation]
 43465 | Abyss:4  | Gained mutation: Your muscles are strong. (Str +2) [potion of mutation]
 43466 | Abyss:4  | Lost mutation: Your muscles are strong. (Str +2) [potion of mutation]
 43466 | Abyss:4  | Lost mutation: You are frail. (-10% HP) [potion of mutation]
 43466 | Abyss:4  | Lost mutation: Armour fits poorly on your strangely shaped body. [potion of mutation]
 43466 | Abyss:4  | Lost mutation: You are clumsy. (Dex -2) [potion of mutation]
 43466 | Abyss:4  | Gained mutation: Your flesh is heat resistant. (rF+) [potion of mutation]
 43466 | Abyss:4  | Gained mutation: You are covered in fur. (AC +1) [potion of mutation]
 43534 | Zot:5    | Escaped the Abyss
 43539 | Zot:5    | Noticed an ancient lich
 43555 | Zot:5    | Killed an ancient lich
 43583 | Zot:5    | Noticed an orb of fire
 43586 | Zot:5    | Gained mutation: Armour fits poorly on your strangely shaped body. [an orb of fire]
 43593 | Zot:5    | Gained mutation: You have a somewhat thin skeletal structure. (Dex +2, Stealth) [an orb of fire]
 43595 | Zot:5    | Gained mutation: You are clumsy. (Dex -2) [an orb of fire]
 43597 | Zot:5    | Killed an orb of fire
 43607 | Zot:5    | Reached skill level 15 in Spellcasting
 43863 | Depths:5 | Killed Murray
 43957 | Hell     | Slain by a reaper

Vault maps used:
D:1:      elethiomel_arrival_maze
D:2:      wad_floor_pattern_untrapped
D:3:      gammafunk_temple_overflow_pools, uniq_robin, uniq_jessica,
          uniq_crazy_yiuf_cottage
D:4:      minmay_temple_entry_purple_smoke, first_bread, xom_teletrap_fun
D:5:      fedhas_altar_1
D:6:      lemuel_zombie_altar_kikubaaqudgha, bloody_makhleb, serial_shops,
          kennysheep_mini_moat, nicolae_ru_path_of_blood
D:7:      nicolae_underground_beach, uniq_duvessa
D:8:      minitemple, serial_shops, kennysheep_little_box,
          hangedman_pestilent_swarm
D:9:      uniq_erica
D:10:     serial_shops, shop_statue
D:11:     erik_lair_orcish_takeover, serial_shops, shop
D:12:     erik_orc_2, uniq_snorg, uniq_rupert
D:13:     hangedman_vaults_entry_quadrant_bands
D:15:     gammafunk_depths_entry_grave, serial_shops, shop, due_unseen_surprise
Temple:   nicolae_temple_figure_eight
Lair:2:   basic_altar
Lair:3:   swamp_mist_pool, minmay_snake_entry_six_corridors, grunt_megastairs_5
Lair:4:   minivault_23, serial_bayou_shore_b
Lair:5:   cheibrodos_magma_flow, dpeg_slime_entry_corner, grunt_megastairs_3,
          minmay_lair_oklob_chamber, serial_bayou_shore_a
Lair:6:   evilmike_catoblepas_cave, minivault_24
Swamp:1:  evilmike_swamp_ruin_house_1, uniq_josephine, uniq_aizul
Swamp:2:  evilmike_swamp_ruin_house_3
Swamp:3:  serial_swamp_ruin, hangedman_swamp_ruin_hall,
          evilmike_swamp_ruin_house_4
Swamp:4:  swamp, infiniplex_staircase_pool_2, uniq_mara, uniq_jorgrun
Snake:2:  nicolae_snake_double_loop, serial_bayou_shore_b
Snake:4:  johnstein_snake_rune_scales, serial_shops, shop_fountains
Orc:1:    nicolae_volcano_entry_batcave, uniq_maurice, uniq_harold
Orc:2:    st_orc_town, minmay_orc_keep
Elf:1:    portal_ice_cave_entry_ice_statue_two, minmay_elf_annihilation,
          lemuel_flamethrower_3, minmay_shoptagon, uniq_nikola, uniq_donald
Vaults:1: v_misc_18, nicolae_vaults_theta, vaults_room_door_ring, v_rooms_5,
          ontoclasm_vaults_ligature, vaults_mumra_lcd, serial_shops,
          nicolae_shop_temple_entry_statues_fountains
Vaults:2: nicolae_vaults_network_barrier, v_alt_pattern_1, v_misc_12,
          hangedman_vaults_slither, vaults_room_door_hall,
          ontoclasm_vaults_twist, vaults_room_semicircle, vaults_dpeg_ring,
          st_spiral_rooms, hangedman_vaults_corner_blocks, vaults_room_corners,
          nicolae_vaults_rhombus_7, v_misc_12, nicolae_vaults_asterisk,
          vaults_dpeg_diagonal, nicolae_vaults_asterisk,
          ontoclasm_vaults_shuriken, nicolae_vaults_circle_grid_a,
          minmay_crypt_entry_simple_box, serial_shops, shop
Vaults:3: st_hourglassy, nicolae_vaults_specimen_jars, nicolae_vaults_theta,
          nicolae_vaults_little_ls, hangedman_vaults_slice,
          vaults_room_semicircle, v_pattern_1, grunt_vaults_diagonal
Vaults:4: vaults_room_fancy_cross, vaults_room_ringed_pool,
          vaults_room_glass_cross, hangedman_vaults_capsules,
          ontoclasm_vaults_ring_square, nicolae_vaults_what_the_h,
          hangedman_vaults_nails, v_pattern_3, vaults_mumra_hex, uniq_bai_suzhen
Vaults:5: uniq_sojobo
Depths:1: enter_ziggurat_b, minmay_misc_feat_x, hell_entry, pan_entry,
          dispersion_dpeg, minmay_shop_grove
Depths:2: minmay_tile_spiral, minmay_misc_feat_five, pf_coc_iceberg,
          dk_noncrumbling_3, minmay_staircase_statues
Depths:3: evilmike_library_of_no_secrets, kennysheep_cluttered_room,
          serial_shops, shop, grunt_mini_vestibule, pan_entry,
          kennysheep_decorative_pillar, infiniplex_staircase_zigzag_3,
          serial_bayou_shore_b
Depths:4: kennysheep_water_balloons, abyss_entry, patterned_corridor,
          hellmouth_1, roderic_lattice_octagonal_star
Depths:5: lemuel_castle_with_subvaults, hangedman_abyss_entry_splay,
          serial_sigils_hangedman_stare, serial_shops, shop, hell_entry,
          serial_bayou_shore_b, uniq_boris
Zot:1:    st_stairs_8, st_single_dragon_hoard_1, st_single_dragon_hoard_3,
          grunt_ministairs_8
Zot:3:    hangedman_snake_sidewinding
Zot:5:    grunt_ministairs_15, hangedman_zot_decor_scrapings
Abyss:4:  nicolae_abyss_rune_star_stuff
IceCv:    ice_cave_statue_garden_chambered
Volcano:  volcano_village

Skill      XL: |  1  2  3  4  5  6  7  8  9 10 11 12 13 14 15 16 17 18 19 20 21 22 23 24 25 26 27 |
---------------+----------------------------------------------------------------------------------+-----
Fighting       | 3 4 5 6 8 10 11 12 13 14 15 16 17 18 20 22 | 22.2
Stealth        | 3 4 6 7 9 10 11 13 15 16 17 18 | 18.5
Spellcasting   | 2 3 4 5 6 7 8 9 11 12 13 16 | 16.2
Polearms       | 7 10 12 | 12.0
Dodging        | 4 5 6 7 |  7.3
Ice Magic      | 1 3 5 6 9 13 14 15 | 15.0
Charms         | 1 4 5 6 7 |  7.0
Shields        | 2 3 4 |  4.0
Air Magic      | 3 5 7 8 14 18 21 24 25 | 25.6
Conjurations   | 3 5 |  5.1

Action                   |  1- 3 |  4- 6 |  7- 9 | 10-12 | 13-15 | 16-18 | 19-21 | 22-24 | 25-27 || total
-------------------------+-------+-------+-------+-------+-------+-------+-------+-------+-------++-------
Melee: Spear             |   110 |   174 |       |       |       |       |       |       |       ||   284
       Bite              |    26 |    45 |    59 |   160 |   442 |   520 |   504 |   480 |   557 ||  2793
       Quarterstaff      |       |    31 |   184 |       |       |       |       |       |       ||   215
       Lance             |       |       |    34 |   580 |  1372 |  1423 |  1215 |  1054 |  1220 ||  6898
Throw: Tomahawk          |       |       |     9 |     3 |     4 |       |       |       |       ||    16
 Cast: Ozocubu's Armour  |       |       |       |       |    17 |    34 |    24 |    23 |    17 ||   115
       Ozocubu's Refrige |       |       |       |       |       |    37 |    15 |       |       ||    52
       Blink             |       |       |       |       |       |       |     1 |       |     2 ||     3
       Freezing Cloud    |       |       |       |       |       |       |     6 |     6 |     2 ||    14
       Tornado           |       |       |       |       |       |       |       |       |     8 ||     8
Invok: Sacrifice Drink   |       |     1 |       |       |       |       |       |       |       ||     1
       Sacrifice Artific |       |       |     1 |       |       |       |       |       |       ||     1
       Apocalypse        |       |       |       |     6 |    11 |     7 |     3 |     9 |     9 ||    45
       Power Leap        |       |       |       |     7 |    13 |     9 |     7 |     4 |     3 ||    43
       Sacrifice Durabil |       |       |       |     1 |       |       |       |       |       ||     1
       Sacrifice Courage |       |       |       |     1 |       |       |       |       |       ||     1
       Sacrifice Purity  |       |       |       |     1 |       |       |       |       |       ||     1
       Sacrifice Love    |       |       |       |     1 |       |       |       |       |       ||     1
Evoke: Wand              |       |     2 |     2 |       |       |       |       |       |       ||     4
  Use: Scroll            |       |     3 |     3 |     9 |    10 |     6 |     6 |    17 |     1 ||    55
       Potion            |       |     1 |     2 |     2 |     2 |     1 |       |       |     2 ||    10
 Stab: Sleeping          |     9 |     3 |     6 |    17 |    10 |    43 |    34 |    40 |    17 ||   179
       Distracted        |       |     1 |       |     8 |    18 |    14 |     6 |     9 |    19 ||    75
       Paralysed         |       |     1 |     1 |    10 |    23 |    14 |     4 |    23 |    19 ||    95
       Confused          |       |     1 |       |       |       |       |       |     1 |       ||     2
       Invisible         |       |       |       |     4 |    10 |    21 |     7 |     8 |    16 ||    66
       Petrified         |       |       |       |       |     6 |       |       |       |       ||     6
  Eat: Chunk             |     1 |     8 |     8 |    19 |    23 |    36 |    27 |    20 |    16 ||   158
       Fruit             |       |       |       |     1 |     1 |     6 |       |     1 |     3 ||    12
       Meat ration       |       |       |       |       |       |     2 |       |       |     1 ||     3
Armor: Robe              |    17 |     4 |       |       |       |       |       |       |       ||    21
       Ring mail         |       |    43 |    22 |       |       |       |       |       |       ||    65
       Scale mail        |       |       |    72 |    36 |       |       |       |       |       ||   108
       Steam dragon scal |       |       |       |    20 |       |       |       |       |       ||    20
       Troll leather arm |       |       |       |    24 |   121 |   215 |   140 |   145 |   164 ||   809
       Chain mail        |       |       |       |       |    69 |       |       |       |       ||    69
Dodge: Dodged            |    48 |    87 |   137 |   162 |   347 |   481 |   284 |   341 |   347 ||  2234
Block: Buckler           |       |       |       |       |    76 |   171 |   124 |   141 |   172 ||   684

Table legend:
 A = Spawn XP
 B = Non-spawn XP
 C = Spawn XP percentage of total XP
 D = Spawn monster count
 E = Non-spawn monster count
 F = Spawn count percentage of total count
 G = Total turns spent on level
                    A         B        C        D         E        F      G
               +---------+---------+-------+---------+---------+-------+---------
         Total |   70648 | 1352714 |   5.0 |     149 |    2243 |   6.2 | 43957
               +---------+---------+-------+---------+---------+-------+---------
           D:1 |       0 |      38 |   0.0 |       0 |      20 |   0.0 |   807
           D:2 |       0 |      87 |   0.0 |       0 |      28 |   0.0 |   856
           D:3 |       0 |     194 |   0.0 |       0 |      35 |   0.0 |  1056
           D:4 |       0 |     222 |   0.0 |       0 |      10 |   0.0 |   662
           D:5 |       0 |     375 |   0.0 |       0 |      11 |   0.0 |   918
           D:6 |       0 |     611 |   0.0 |       0 |      28 |   0.0 |   738
           D:7 |       0 |    2533 |   0.0 |       0 |      35 |   0.0 |   543
           D:8 |       0 |    4904 |   0.0 |       0 |      28 |   0.0 |   979
           D:9 |       0 |    4557 |   0.0 |       0 |      34 |   0.0 |  1303
          D:10 |       0 |    2211 |   0.0 |       0 |      33 |   0.0 |   839
          D:11 |       0 |    2525 |   0.0 |       0 |      18 |   0.0 |   541
          D:12 |       0 |    7502 |   0.0 |       0 |      49 |   0.0 |  1141
          D:13 |       0 |   13403 |   0.0 |       0 |      48 |   0.0 |   972
          D:14 |       0 |    7582 |   0.0 |       0 |      29 |   0.0 |   809
          D:15 |       0 |   15061 |   0.0 |       0 |      34 |   0.0 |   623
        Lair:1 |       0 |    3194 |   0.0 |       0 |      16 |   0.0 |   917
        Lair:2 |       0 |    3944 |   0.0 |       0 |       9 |   0.0 |  1004
        Lair:3 |       0 |    6168 |   0.0 |       0 |      35 |   0.0 |  1016
        Lair:4 |       0 |    4574 |   0.0 |       0 |      19 |   0.0 |   976
        Lair:5 |       0 |    7579 |   0.0 |       0 |      37 |   0.0 |  1216
        Lair:6 |       0 |   15734 |   0.0 |       0 |      45 |   0.0 |   852
       Swamp:1 |       0 |   14186 |   0.0 |       0 |      48 |   0.0 |   949
       Swamp:2 |       0 |   17366 |   0.0 |       0 |      47 |   0.0 |   863
       Swamp:3 |       0 |   16498 |   0.0 |       0 |      49 |   0.0 |   567
       Swamp:4 |       0 |   35540 |   0.0 |       0 |      46 |   0.0 |   595
       Snake:1 |       0 |    8778 |   0.0 |       0 |      20 |   0.0 |   754
       Snake:2 |       0 |   14156 |   0.0 |       0 |      26 |   0.0 |   891
       Snake:3 |       0 |   24680 |   0.0 |       0 |      50 |   0.0 |  1262
       Snake:4 |       0 |   57323 |   0.0 |       0 |     101 |   0.0 |   729
         Orc:1 |       0 |    5606 |   0.0 |       0 |      38 |   0.0 |   581
         Orc:2 |       0 |   14602 |   0.0 |       0 |      99 |   0.0 |  1257
         Elf:1 |       0 |   18324 |   0.0 |       0 |      29 |   0.0 |   664
      Vaults:1 |       0 |   40958 |   0.0 |       0 |      72 |   0.0 |  1396
      Vaults:2 |       0 |   45659 |   0.0 |       0 |      65 |   0.0 |  1394
      Vaults:3 |       0 |   57051 |   0.0 |       0 |      96 |   0.0 |  1214
      Vaults:4 |       0 |   91653 |   0.0 |       0 |      92 |   0.0 |  1672
      Vaults:5 |       0 |  158642 |   0.0 |       0 |     164 |   0.0 |  1315
      Depths:1 |       0 |   32263 |   0.0 |       0 |      41 |   0.0 |   526
      Depths:2 |       0 |   71451 |   0.0 |       0 |      54 |   0.0 |  1038
      Depths:3 |       0 |   42162 |   0.0 |       0 |      51 |   0.0 |  1035
      Depths:4 |       0 |   27623 |   0.0 |       0 |      33 |   0.0 |   600
      Depths:5 |       0 |   89242 |   0.0 |       0 |      79 |   0.0 |   802
          Hell |       0 |   35555 |   0.0 |       0 |      54 |   0.0 |    85
         Zot:1 |       0 |   28266 |   0.0 |       0 |      19 |   0.0 |   495
         Zot:2 |       0 |   57805 |   0.0 |       0 |      33 |   0.0 |   478
         Zot:3 |       0 |   10719 |   0.0 |       0 |       9 |   0.0 |   122
         Zot:4 |       0 |    6584 |   0.0 |       0 |       5 |   0.0 |   136
         Zot:5 |       0 |  111908 |   0.0 |       0 |      36 |   0.0 |   708
       Abyss:4 |   70648 |  102230 |  40.9 |     149 |     154 |  49.2 |  2468
         IceCv |       0 |    9027 |   0.0 |       0 |      23 |   0.0 |   198
       Volcano |       0 |    3859 |   0.0 |       0 |       9 |   0.0 |   245
               +---------+---------+-------+---------+---------+-------+---------
